 Dungeon Crawl Stone Soup version 0.28.0 (webtiles) character file.

Game seed: 664953710044099741

65 Angani the Caller (level 3, 0/14 HPs)
             Began as a Felid Summoner on Feb 14, 2022.
             Slain by Pargi (3 damage)
             ... in a sewer.
             The game lasted 00:07:06 (2765 turns).

Angani the Caller (Felid Summoner)                  Turns: 2765, Time: 00:07:07

Health: 0/14       AC:  1    Str:  4    XL:     3   Next: 94%
Magic:  4/8        EV: 17    Int: 18    God:
Gold:   37         SH:  0    Dex: 16    Spells: 2/8 levels left
                                        Lives:  0   Deaths: 1

rFire   + . .      SeeInvis +   (weapon unavailable)
rCold   . . .      Faith    .   (shield unavailable)
rNeg    . . .      Spirit   .   (armour unavailable)
rPois   .          Reflect  .   (helmet unavailable)
rElec   .          Harm     .   (cloak unavailable)
rCorr   .          Rampage  .   (gloves unavailable)
Will    .....                   (boots unavailable)
Stlth   +.........              (no amulet)
HPRegen 0.04/turn               c - ring of protection from fire
MPRegen 0.11/turn               (no ring)

@: very slow
A: very small, claws 1, fangs 3, see invisible, speed 1, shaggy fur 1, stealthy
paws, no weapons or thrown items, no armour, multi-lived
a: no special abilities


You were in a sewer.
You visited 1 branch of the dungeon, and saw 3 of its levels.
You also visited: Sewer.

You collected 57 gold pieces.
You spent 20 gold pieces at shops.

Inventory:

Jewellery
 c - a ring of protection from fire (left paw)
 e - a ring of ice
Scrolls
 b - a scroll of identify
 d - a scroll of fear {unknown}
 f - a scroll of immolation {unknown}
 g - 2 scrolls of teleportation {unknown}
Potions
 a - 2 potions of attraction {unknown}
 h - a potion of cancellation {unknown}


   Skills:
 - Level 2.6 Dodging
 - Level 2.6 Stealth
 + Level 3.4 Spellcasting
 + Level 5.1 Summonings


You had 2 spell levels left.
You knew the following spells:

 Your Spells              Type           Power      Damage    Failure   Level
a - Summon Small Mammal   Summ           84%        N/A       1%          1
b - Call Imp              Summ           21%        N/A       3%          2
c - Call Canine Familiar  Summ           21%        N/A       6%          3

Your spell library contained the following spells:

 Spells                   Type           Power      Damage    Failure   Level
 Summon Guardian Golem    Hex/Summ       12%        N/A       16%         3
 Summon Lightning Spire   Summ/Air       12%        N/A       47%         4
 Airstrike                Air            1%         N/A       83%         4
 Lightning Bolt           Conj/Air       1%         1d12      99%         5


Dungeon Overview and Level Annotations

Branches:
Dungeon (3/15)              Sewer (1/1)

Altars:
Zin

Shops:
D:1 !*?(

Annotations:
Sewer Pargi


Innate Abilities, Weirdness & Mutations

You have sharp claws.
You have razor-sharp teeth.
You have supernaturally acute eyesight. (SInv)
You cover ground quickly. (Speed+)
You are covered in fur. (AC +1)
Your paws help you pounce on unaware monsters.
You are incapable of wielding weapons or throwing items.
You cannot wear armour.
You gain extra lives every three experience levels.


Message History

Your hound closely misses Pargi.
Your hound misses Pargi.
Your hound bites Pargi.
Something bites your hound! Something claws your hound.
Something claws your hound but does no damage.
Your hound bites Pargi.
Pargi bites your hound but does no damage.
Pargi barely misses your hound. Pargi claws your hound.
What are your orders? t - Meow!
Orders for allies: a - Attack new target. p - Attack previous target. r - Retreat! s - Stop attacking. g - Guard the area. f - Follow me.
Anything else - Cancel.
Gang up on whom?
Press: ? - help, Dir - move target, f/p - Pargi
Aim: Pargi (lightly wounded, ally target) Attack!
Your hound bites Pargi.
Pargi bites your hound. Pargi barely misses your hound. Pargi claws your hound.
Your hound dies!
Your hound's corpse disappears in a puff of smoke!
Casting: Call Canine Familiar (extremely dangerous; 6% risk of failure)
Confirm with . or Enter, or press ? or * to list all spells.
The spell is extremely dangerous to miscast (6% risk of failure)!
Continue anyway?
You miscast Call Canine Familiar.
You are very lightly contaminated with residual magic.
Nothing appears to happen.
Pargi clenches his claws.
You enter the shallow water.
Moving in this stuff is going to be slow.
Pargi looks around nervously.
You enter the shallow water.
Moving in this stuff is going to be slow.
Your magical contamination has completely faded away.
Pargi bites you!
Ouch! That really hurt!
Pargi claws you. Pargi closely misses you. Pargi closely misses you.
Pargi claws you.
* * * LOW HITPOINT WARNING * * *
Pargi claws you.
You die...

#≈≈≈≈≈≈≈≈≈≈≈≈≈≈≈≈≈≈≈≈
##≈≈≈≈≈≈≈≈≈≈≈≈≈≈≈≈≈≈≈≈
##≈≈≈≈≈≈≈≈≈≈≈≈≈≈≈≈≈≈≈≈≈
###≈≈≈≈≈≈≈≈≈≈.≈≈≈≈≈≈≈≈≈≈≈
#≈≈≈≈≈≈≈≈≈≈≈..≈†≈≈≈≈≈≈≈≈
#≈≈≈≈≈≈≈≈≈≈.####≈≈≈.#≈≈
##≈≈≈≈≈≈≈≈≈### ##∩∩##
#≈≈≈≈≈≈≈≈≈≈## ####
#≈≈≈≈≈≈≈≈@≈.#
#≈≈≈≈≈≈≈T#### #≈≈≈≈≈≈≈≈#
##≈≈≈≈≈≈## #≈≈≈≈≈≈≈##
≈≈≈≈≈≈≈≈.# ≈≈≈≈≈≈≈≈##
≈≈≈≈≈≈≈≈≈## #≈≈≈≈≈≈≈..#


You could see Pargi.

Vanquished Creatures
  3 bats
  3 giant cockroaches
  A goblin (D:1)
  3 hobgoblins (D:1)
  2 quokkas
  6 ball pythons
  5 frilled lizards
  A kobold (D:1)
  2 rats
26 creatures vanquished.

Vanquished Creatures (collateral kills)
  Robin (D:2)
  A river rat (D:3)
  A worm (D:2)
  5 ball pythons
  6 endoplasms
  A giant cockroach (D:1)
  13 goblins
  6 hobgoblins
  2 jackals (D:1)
  A quokka (D:1)
  5 bats
  2 frilled lizards
  3 kobolds (D:1)
  2 rats (D:1)
49 creatures vanquished.

Grand Total: 75 creatures vanquished

Notes
Turn   | Place    | Note
-------+----------+-------------------------------------------
     0 | D:1      | Angani the Felid Summoner began the quest for the Orb.
     0 | D:1      | Reached XP level 1. HP: 7/7 MP: 4/4
   104 | D:1      | Reached XP level 2. HP: 4/11 MP: 6/6
   327 | D:1      | Learned a level 2 spell: Call Imp
   378 | D:1      | Found Potol's Distillery.
   395 | D:1      | Found Guine's General Store.
   405 | D:1      | Found Hetump's Magic Scroll Shop.
   508 | D:1      | Bought a scroll of identify for 20 gold pieces
  1062 | D:1      | Reached XP level 3. HP: 14/14 MP: 5/8
  1067 | D:1      | Found Gousuom's Antique Weapon Emporium.
  1406 | D:2      | Found a glowing silver altar of Zin.
  1870 | D:2      | Learned a level 3 spell: Call Canine Familiar
  2122 | D:2      | Noticed Robin
  2188 | D:2      | Reached XP level 4. HP: 9/18 MP: 4/9
  2210 | D:2      | Slain by a goblin
  2211 | D:2      | Reached XP level 3. HP: 0/14 MP: 3/8
  2252 | D:2      | Killed Robin
  2253 | D:2      | Reached skill level 5 in Summonings
  2608 | D:3      | Found a glowing drain.
  2641 | Sewer    | Entered a sewer
  2736 | Sewer    | Noticed Pargi
  2765 | Sewer    | Slain by Pargi

Illustrated notes

Levels and vault maps discovered:
D:1:      dpeg_arrival_shelter, layout_rooms, serial_shops, shop_fountains,
          nicolae_shop_hallway_stairs, nicolae_lakefront_shop,
          nicolae_lakefront_shop
D:2:      layout_basic, basic_altar, uniq_robin
D:3:      layout_basic, portal_sewer_entry_a,
          hellmonk_ecumenical_altar_inner_sanctum,
          hellmonk_ghost_happy_afterlife, st_stairs_3, uniq_jessica
Sewer:    sewer_co_pargi_island

Skill      XL: |  1  2  3 |
---------------+----------+-----
Spellcasting   | 3 |  3.4
Summonings     | 5 |  5.1
Dodging        | |  2.6
Stealth        | |  2.6

Action                   |  1- 3 |  4- 6 || total
-------------------------+-------+-------++-------
Melee: Unarmed           |    94 |       ||    94
       Bite              |    10 |       ||    10
 Cast: Summon Small Mamm |    11 |       ||    11
       Call Imp          |    12 |       ||    12
       Call Canine Famil |    11 |     1 ||    12
  Use: Potion            |     1 |       ||     1
 Stab: Sleeping          |     5 |       ||     5
       Distracted        |     1 |       ||     1
Armor: Skin              |     5 |       ||     5
Dodge: Dodged            |   119 |     6 ||   125
